 Dungeon Crawl Stone Soup version 0.27.1-3-gb3d3a73c9e (webtiles) character file.

Game seed: 11709161497738505939

3469 Destapler the Ducker (level 10, 0/65 HPs)
             Began as a Djinni Hedge Wizard on Oct 22, 2021.
             Was an Elder of Hepliaklqana.
             Slain by Stajl's ghost (11 damage)
             ... on level 7 of the Dungeon on Oct 24, 2021.
             The game lasted 00:48:25 (9747 turns).

Destapler the Ducker (Djinni Hedge Wizard)          Turns: 9747, Time: 00:48:27

Health: 0/65       AC:  2    Str:  9    XL:     10   Next: 27%
Gold:   515        EV: 15    Int: 17    God:    Hepliaklqana [****..] SH:  0 Dex: 15

rFire    + + .     SeeInvis .   r - +1 dagger (drain)
rCold    x . .     Faith    .   (no shield)
rNeg     . . .     Spirit   .   b - +0 robe
rPois    ∞         Reflect  .   c - +0 hat
rElec    .         Harm     .   K - scarf {repulsion}
rCorr    .         Rampage  .   (no gloves)
Will     ++...                  (boots unavailable)
Stlth    +++.......             (no amulet)
HPRegen  0.20/turn              a - ring of willpower
MPRegen  0.00/turn              (no ring)

@: flying, very slightly contaminated, repel missiles
A: reduced essence, sickness immunity, fire resistance 2, cold vulnerability 1,
float, innate caster, hp casting, extra vitality 1
a: Renounce Religion, Recall Ancestor, Ancestor Identity, Transference, Idealise


You were on level 7 of the Dungeon.
You worshipped Hepliaklqana.
Hepliaklqana was greatly pleased with you.
You visited 1 branch of the dungeon, and saw 7 of its levels.
You also visited: Ossuary.

You collected 515 gold pieces.

Inventory:

Hand Weapons
 n - a +0 short sword of venom
 r - a +1 dagger of draining (weapon)
 G - a +0 vampiric trident
Missiles
 j - 3 boomerangs
 I - 3 curare-tipped darts
 J - 5 silver javelins
Armour
 b - a +0 robe (worn)
 c - a +0 hat (worn)
 e - the +3 leather armour of Eternity {rElec}
   (You found it on level 5 of the Dungeon)

   rElec:     It insulates you from electricity.
 K - a scarf of repulsion (worn)
Jewellery
 a - a ring of willpower (left hand)
Wands
 q - a wand of acid (2)
 v - a wand of flame (33)
 H - a wand of digging (2)
Scrolls
 d - 3 scrolls of blinking
 f - 2 scrolls of identify
 l - a scroll of summoning {unknown}
 m - a scroll of enchant armour {unknown}
 o - 2 scrolls of holy word {unknown}
 x - 2 scrolls of teleportation {unknown}
 y - a scroll of magic mapping
 D - a scroll of acquirement {unknown}
 E - a scroll of immolation {unknown}
 F - a scroll of fog {unknown}
 L - a scroll of noise {unknown}
Potions
 g - 3 potions of heal wounds {unknown}
 h - 3 potions of haste {unknown}
 i - 2 potions of curing
 k - 3 potions of mutation {unknown}
 p - a potion of cancellation {unknown}
 s - a potion of degeneration
 t - a potion of flight
 u - a potion of resistance {unknown}
 w - a potion of ambrosia
 z - 4 potions of attraction
 A - a potion of might {unknown}
 B - 3 potions of brilliance {unknown}
 C - 2 potions of lignification {unknown}
 M - a potion of berserk rage {unknown}


   Skills:
 + Level 6.5 Fighting
 + Level 3.2 Short Blades
 + Level 3.9 Armour
 + Level 6.7 Dodging
 + Level 4.1 Stealth
 + Level 5.0 Spellcasting
 + Level 3.8 Invocations
 + Level 3.8 Evocations


You couldn't memorise any spells.
You knew the following spells:

 Your Spells              Type           Power      Damage    Failure   Level
a - Magic Dart            Conj           84%        1d7       1%          1
b - Corpse Rot            Necr/Air       N/A        N/A       2%          2
c - Call Imp              Summ           21%        N/A       2%          2
d - Slow                  Hex            21%        N/A       2%          2
e - Conjure Flame         Conj/Fire      21%        6-21      5%          3
f - Mephitic Cloud        Conj/Pois/Air  21%        N/A       5%          3
g - Foxfire               Conj/Fire      84%        2x1d8     1%          1
h - Teleport Other        Tloc           21%        N/A       5%          3
i - Ozocubu's Armour      Ice            21%        N/A       5%          3
B - Blink                 Tloc           N/A        N/A       2%          2
Your spell library was empty.

Dungeon Overview and Level Annotations

Branches:
Dungeon (7/15)             Temple (0/1) D:6         Ossuary (visited)

Altars:
Fedhas
Hepliaklqana
Makhleb
Okawaru
Sif Muna

Annotations:
D:7 Stajl's ghost, novice TrMo


Innate Abilities, Weirdness & Mutations

Your life essence is reduced to manifest your ancestor. (-10% HP)
You are immune to sickness and miasma.
You are immune to poison.
Your flesh is very heat resistant. (rF++)
You are vulnerable to cold. (rC-)
You float through the air rather than walking.
You learn spells naturally, not from books.
Your magical power is your life essence.
You have superior vitality. (+4 HP)


Message History

The magic dart hits Stajl's ghost but does no damage.
Stajl's ghost is severely damaged.
Stajl's ghost closely misses you.
The magic dart hits Stajl's ghost.
Stajl's ghost is severely damaged.
The magic dart hits Stajl's ghost.
Stajl's ghost is severely damaged.
Stajl's ghost hits you!
* * * LOW HITPOINT WARNING * * *
The magic dart hits Stajl's ghost but does no damage.
Stajl's ghost is severely damaged.
* * * LOW HITPOINT WARNING * * *
Stajl's ghost hits you!
* * * LOW HITPOINT WARNING * * *
You are too injured to fight recklessly!
You are too injured to fight recklessly!
You are too injured to fight recklessly!
You are too injured to fight recklessly!
You are too injured to fight recklessly!
You are too injured to fight recklessly!
You are too injured to fight recklessly!
You are too injured to fight recklessly!
Casting: Magic Dart (safe; 1% risk of failure)
Confirm with . or Enter, or press ? or * to list all spells.
Aiming: Magic Dart (safe; 1% risk of failure)
Press: ? - help, Shift-Dir - straight line, f/p - Stajl's ghost
Aim: Stajl's ghost (severely damaged, slow, 100% to hit)
The magic dart hits Stajl's ghost but does no damage.
Stajl's ghost is severely damaged.
* * * LOW HITPOINT WARNING * * *
Casting: Magic Dart (safe; 1% risk of failure)
Confirm with . or Enter, or press ? or * to list all spells.
Aiming: Magic Dart (safe; 1% risk of failure)
Press: ? - help, Shift-Dir - straight line, f/p - Stajl's ghost
Aim: Stajl's ghost (severely damaged, slow, 100% to hit)
The magic dart hits Stajl's ghost but does no damage.
Stajl's ghost is severely damaged.
* * * LOW HITPOINT WARNING * * *
Stajl's ghost hits you!
You die...

.##.###.###
#####......#
###.......##
#.(.#......#
#.....(##.)#
#.≈.#......#
...#######.#
#.≈.#......# ....#
#.####.≈.###.#### .(..#
#...##.≈.# #.# ....###
###..##'## #.#
......#######R#.W.# #.#
...#...........#@####.#
..######.#####......#.#
.........#####......#.#
...####........))...#.#
..<######.####..)...#.#
...).####...##(.)...#.#
...#...####....###.##.#
....##..# ####.# #.##.#
.##.###.## #.# #.##.#


You could see Stajl's ghost (slow).

Vanquished Creatures
  A two-headed ogre (D:7)
  Maggie (D:6)
  Sigmund (D:6)
  An ogre (D:5)
  Blork the orc (D:5)
  A bullfrog (D:7)
  A water moccasin skeleton (D:6)
  An orc priest (D:5)
  An iguana (D:3)
  An orc wizard (D:7)
  5 mummies (Ossuary)
  Robin (D:4)
  5 adders
  2 gnolls (D:1)
  A worm (D:2)
  2 dart slugs (D:2)
  12 orcs
  5 ball pythons
  4 endoplasms
  6 giant cockroaches
  A gnoll zombie (Ossuary)
  11 goblins
  5 hobgoblins
  2 kobolds
  A quokka (D:1)
  3 bats
  5 frilled lizards
  A hobgoblin zombie (Ossuary)
  2 kobold zombies (Ossuary)
  2 orc zombies (Ossuary)
  4 rats
90 creatures vanquished.

Vanquished Creatures (collateral kills)
  Grinder (D:4)
  Menkaure (D:6)
  Edmund (D:6)
  A water moccasin (D:7)
  Duvessa (D:4)
  A hornet zombie (D:7)
  2 sky beasts (D:6)
  An orc warrior (D:7)
  An ogre (D:6)
  A centaur (D:6)
  A phantom (D:5)
  A scorpion (D:7)
  Dowan (D:4)
  A howler monkey (D:7)
  A centaur zombie (D:5)
  A hound (D:5)
  A jelly (D:6)
  2 orc priests
  An iguana (D:5)
  Ijyb (D:5)
  Terence (D:2)
  An orc wizard (D:5)
  A hound zombie (D:5)
  3 mummies (Ossuary)
  6 adders
  2 white imps (D:6)
  A worm (D:3)
  2 dart slugs
  11 orcs
  2 bats
  2 endoplasms
  A gnoll zombie (Ossuary)
  3 goblins (D:4)
  2 hobgoblins (D:4)
  A quokka (D:3)
  A frilled lizard (D:2)
  A kobold (D:2)
  An orc zombie (Ossuary)
  A rat (D:2)
65 creatures vanquished.

Vanquished Creatures (others)
  3 knights
  3 ancestors
  105 foxfires
111 creatures vanquished.

Grand Total: 266 creatures vanquished

Notes
Turn   | Place    | Note
-------+----------+-------------------------------------------
     0 | D:1      | Destapler the Djinni Hedge Wizard began the quest for the
                  | Orb.
     0 | D:1      | Reached XP level 1. HP: 15/15 MP: 0/0
   231 | D:1      | Found a faded altar of an unknown god.
   234 | D:1      | Became a worshipper of Hepliaklqana the Forgotten
   234 | D:1      | Reached * piety under Hepliaklqana
   360 | D:1      | Reached XP level 2. HP: 13/18 MP: 0/0
   755 | D:1      | Reached XP level 3. HP: 9/22 MP: 0/0
   755 | D:1      | Learned a level 1 spell: Foxfire
  1570 | D:2      | Reached XP level 4. HP: 12/27 MP: 0/0
  1946 | D:2      | Reached skill level 1 in Fighting
  2814 | D:2      | Noticed Terence
  2883 | D:2      | Killed Terence
  2884 | D:2      | Reached XP level 5. HP: 5/34 MP: 0/0
  2884 | D:2      | Learned a level 2 spell: Corpse Rot
  3272 | D:2      | Reached ** piety under Hepliaklqana
  3273 | D:2      | Remembered your ancestor Cuahtemoc as a knight
  4159 | D:3      | Reached XP level 6. HP: 32/40 MP: 0/0
  4587 | D:4      | Noticed Robin
  4592 | D:4      | Killed Robin
  4884 | D:4      | Noticed Grinder
  4893 | D:4      | Killed Grinder
  4894 | D:4      | Reached XP level 7. HP: 43/46 MP: 0/0
  4894 | D:4      | Learned a level 3 spell: Teleport Other
  4951 | D:4      | Noticed Duvessa
  4963 | D:4      | Noticed Dowan
  4964 | D:4      | Killed Duvessa
  4975 | D:4      | Killed Dowan
  5402 | D:4      | Found an iron altar of Okawaru.
  5415 | D:4      | Reached *** piety under Hepliaklqana
  5815 | D:5      | Entered Level 5 of the Dungeon
  5829 | D:5      | Identified the +3 leather armour of Eternity {rElec}
  5839 | D:5      | Found a sand-covered staircase.
  5844 | Ossuary  | Entered an ossuary
  5868 | Ossuary  | Reached skill level 5 in Fighting
  5868 | Ossuary  | Reached skill level 5 in Dodging
  6015 | Ossuary  | Reached XP level 8. HP: 49/53 MP: 0/0
  6310 | D:5      | Noticed Blork the orc
  6318 | D:5      | Killed Blork the orc
  6398 | D:5      | Noticed Ijyb
  6400 | D:5      | Reached skill level 1 in Invocations
  6404 | D:5      | Killed Ijyb
  6405 | D:5      | Reached skill level 1 in Evocations
  6773 | D:5      | Reached skill level 1 in Short Blades
  6773 | D:5      | Reached skill level 1 in Armour
  7549 | D:6      | Noticed Maggie
  7553 | D:6      | Noticed Sigmund
  7560 | D:6      | Killed Sigmund
  7561 | D:6      | Reached XP level 9. HP: 47/59 MP: 0/0
  7561 | D:6      | Learned a level 3 spell: Ozocubu's Armour
  7765 | D:6      | Killed Maggie
  8017 | D:6      | Noticed Edmund
  8028 | D:6      | Killed Edmund
  8054 | D:6      | Found a staircase to the Ecumenical Temple.
  8063 | D:6      | Noticed Menkaure
  8067 | D:6      | Killed Menkaure
  8734 | D:7      | Noticed a two-headed ogre
  9185 | D:7      | Reached **** piety under Hepliaklqana
  9337 | D:7      | Killed a two-headed ogre
  9338 | D:7      | Reached XP level 10. HP: 65/65 MP: 0/0
  9365 | D:7      | Found a runed translucent door.
  9421 | D:7      | Noticed Stajl's ghost (novice TrMo)
  9465 | D:7      | Reached skill level 5 in Spellcasting
  9572 | D:7      | Found a burning altar of Makhleb.
  9696 | D:7      | Found a blossoming altar of Fedhas.
  9747 | D:7      | Slain by Stajl's ghost

Illustrated notes

Levels and vault maps discovered:
D:1:      lightli_arrival_isolated_outpost, layout_loops_ring,
          shapermc_ecumenical_altar_mp_vishouse
D:2:      layout_loops_corners, uniq_terence
D:3:      layout_rooms, hangedman_decor_diamond_cutter,
          kennysheep_generic_room_3
D:4:      layout_loops_corners, okawaru_trees_1, uniq_robin, uniq_duvessa,
          uniq_grinder
D:5:      layout_loops_ring, enter_ossuary_5, chequers_mini_garden, uniq_ijyb,
          uniq_blork_the_orc
D:6:      layout_loops_ring, minmay_temple_entry_tees, uniq_maggie,
          uniq_menkaure, uniq_edmund, uniq_sigmund
D:7:      layout_rooms, amethyst_overflow_temple_binary,
          mainiacjoe_overflow_surrounded_room, ebering_ghost_reflecting_pool,
          minmay_misc_feat_rugged

Skill      XL: |  1  2  3  4  5  6  7  8  9 10 |
---------------+-------------------------------+-----
Stealth        | 2 3 4 |  4.1
Dodging        | 3 4 5 6 |  6.7
Fighting       | 2 4 5 6 |  6.5
Spellcasting   | 3 4 5 |  5.0
Invocations    | 2 3 |  3.8
Evocations     | 2 3 |  3.8
Short Blades   | 1 3 |  3.2
Armour         | 2 3 |  3.9

Action                   |  1- 3 |  4- 6 |  7- 9 | 10-12 || total
-------------------------+-------+-------+-------+-------++-------
Melee: Dagger            |     6 |    16 |    36 |    16 ||    74
       Short sword       |       |     2 |       |       ||     2
Throw: Boomerang         |       |     2 |     2 |       ||     4
       Javelin           |       |       |       |     1 ||     1
 Cast: Magic Dart        |    63 |   116 |   118 |    11 ||   308
       Blink             |       |     1 |       |       ||     1
       Mephitic Cloud    |       |     1 |     7 |       ||     8
       Foxfire           |       |       |    57 |       ||    57
       Call Imp          |       |       |     4 |       ||     4
       Slow              |       |       |     6 |     1 ||     7
       Teleport Other    |       |       |     4 |       ||     4
Invok: Ancestor Life: Kn |       |     1 |       |       ||     1
       Transference      |       |       |     2 |       ||     2
       Recall Ancestor   |       |       |     1 |       ||     1
Evoke: Wand              |       |     4 |    13 |       ||    17
  Use: Scroll            |       |     2 |     3 |       ||     5
       Potion            |       |       |     3 |       ||     3
 Stab: Sleeping          |     2 |     1 |     3 |       ||     6
Armor: Robe              |       |     7 |     7 |     1 ||    15
Dodge: Dodged            |     7 |    27 |    34 |    17 ||    85
